 Dungeon Crawl Stone Soup version 0.16.1-4-g8e1b745 (console) character file.

112 gw the Ducker (level 4, -4/27 HPs)
             Began as a Deep Elf Artificer on Mar 27, 2015.
             Was an Initiate of Ru.
             Slain by Grinder (6 damage)
             ... on level 3 of the Dungeon.
             The game lasted 00:03:04 (3432 turns).

gw the Ducker (Deep Elf Artificer)                  Turns: 3432, Time: 00:03:04

Health: -4/27      AC:  5    Str:  8    XL:     4   Next: 63%
Magic:  10/10      EV: 12    Int: 17    God:    Ru [......]
Gold:   107        SH:  0    Dex: 16    Spells: 0 memorised, 3 levels left

rFire  . . .     SeeInvis .     a - +1 short sword
rCold  . . .     Clarity  .     k - +0 ring mail
rNeg   . . .     SustAb   .     (no shield)
rPois  .         Gourm    .     (no helmet)
rElec  .         Spirit   .     (no cloak)
rCorr  .         Warding  .     (no gloves)
rMut   .         Stasis   .     (no boots)
MR     .....                    (no amulet)
Stlth  +.........               (no ring)
                                (no ring)

@: very slightly contaminated, hasted, very quick, not resistant to hostile
enchantments, very unstealthy
A: no striking features
a: Renounce Religion


You were on level 3 of the Dungeon.
You worshipped Ru.
Ru was noncommittal.
You were not hungry.

You visited 1 branch of the dungeon, and saw 3 of its levels.

You collected 107 gold pieces.

Inventory:

Hand weapons
 a - a +1 short sword (weapon)
Missiles
 j - 54 arrows
Armour
 k - a +0 ring mail (worn)
Magical devices
 b - a wand of flame (10)
 c - a wand of enslavement (14)
 d - a wand of random effects (10)
 n - a wand of hasting (2)
Scrolls
 e - a scroll of blinking {unknown}
 g - a scroll of remove curse
 h - 4 scrolls of identify
Potions
 i - 2 potions of curing
Comestibles
 f - 2 bread rations
 l - a beef jerky
 m - a meat ration


   Skills:
 + Level 2.4 Fighting
 - Level 1.0 Short Blades
 + Level 4.7 Dodging
 - Level 1.2 Stealth
 - Level 3.2 Evocations


You had 3 spell levels left.
You didn't know any spells.

Dungeon Overview and Level Annotations

Branches:
Dungeon (3/15)

Altars:
Ru

Annotations:
D:2 exclusion: downstairs
D:3 Grinder, Terence


Message History

You are very lightly contaminated with residual magic.
Evoking this partially-identified wand wasted a few charges.
Grinder gestures at you. Pain shoots through your body!
Grinder hits you but does no damage.
Unknown command.
Unknown command.
Unknown command.
ATTACK MOVE TO (1,1)
You barely miss Grinder.
Grinder is lightly wounded.
Grinder barely misses you.
Unknown command.
Unknown command.
Unknown command.
Unknown command.
ATTACK MOVE TO (1,1)
You hit Grinder.
Grinder is moderately wounded.
Grinder hits you.
You writhe in agony.
You die...

#.####### #.......######
#.###......... #.#
#.#.###### #.# #.#.# #.#
#>#.# ### ########.# #.#.#
##.. #......#.# #.#.###.##
+...e....# #.#.##.#..
#....5.#.# #.#.#.#..~
#......#.# #.#..#...~
...#######.# #.....#..~
.... ...#.# #......#..
.###.#####.#.###.......##
..........................
........##.#.#.###.#..###.#
#..#.#..##.#.#.# #.#..# #


You could see Grinder.

Table legend:
 A = Turns spent in this place as a percentage of turns spent in the entire game.
 B = Non-inter-level travel turns spent in this place as a percentage of non-inter-level travel turns spent in the entire game.
 C = Inter-level travel turns spent in this place as a percentage of turns spent in this place.
 D = Turns resting spent in this place as a percentage of non-inter-level travel turns spent in this place.
 E = Turns spent auto-exploring this place as a percentage of non-inter-level travel turns spent in this place.
 F = Non-inter-level travel turns spent in this place divided by the number of levels of this place that you've seen.
                   A       B       C       D       E      F
               +-------+-------+-------+-------+-------+----------------------
         Total | 100.0 | 100.0 |   0.3 |   1.5 |   2.2 | 1428.0
       Dungeon | 100.0 | 100.0 |   0.3 |   1.5 |   2.2 | 1428.0
               +-------+-------+-------+-------+-------+----------------------

Table legend:
 A = Kills in this place as a percentage of kills in entire the game.
 B = Kills by you in this place as a percentage of kills by you in the entire game.
 C = Kills by friends in this place as a percentage of kills by friends in the entire game.
 D = Other kills in this place as a percentage of other kills in the entire game.
 E = Experience gained in this place as a percentage of experience gained in the entire game.
 F = Experience gained in this place divided by the number of levels of this place that you have seen.
                   A       B       C       D       E      F
               +-------+-------+-------+-------+-------+----------------------
         Total | 100.0 | 100.0 | 100.0 |  -nan | 100.0 |  53.3
       Dungeon | 100.0 | 100.0 | 100.0 |  -nan | 100.0 |  53.3
               +-------+-------+-------+-------+-------+----------------------

Vanquished Creatures
  An orc priest (D:3)
  A gnoll (D:1)
  2 adders
  An orc (D:3)
  3 giant cockroaches
  4 hobgoblins
  3 jackals (D:2)
  3 kobolds
  A quokka (D:3)
  5 bats
  7 giant geckos
  4 giant newts (D:1)
  2 goblins (D:1)
  3 rats
40 creatures vanquished.

Vanquished Creatures (collateral kills)
  A worm (D:3)
  An orc (D:3)
2 creatures vanquished.

Grand Total: 42 creatures vanquished

Notes
Turn   | Place    | Note
--------------------------------------------------------------
     0 | D:1      | gw, the Deep Elf Artificer, began the quest for the Orb.
     0 | D:1      | Reached XP level 1. HP: 11/11 MP: 2/2
   144 | D:1      | Reached skill level 1 in Fighting
   144 | D:1      | Reached XP level 2. HP: 14/16 MP: 5/5
   938 | D:1      | Reached XP level 3. HP: 20/20 MP: 7/7
  1747 | D:2      | Reached skill level 4 in Dodging
  2367 | D:3      | Reached XP level 4. HP: 3/26 MP: 10/10
  2670 | D:3      | Noticed Terence
  3376 | D:3      | Found a sacrificial altar of Ru.
  3384 | D:3      | Became a worshipper of Ru the Awakened
  3420 | D:3      | Noticed Grinder
  3426 | D:3      | Paralysed by Grinder for 4 turns
  3432 | D:3      | Slain by Grinder

Action                   |  1- 3 |  4- 6 || total
-------------------------+-------+-------++-------
Melee: Short sword       |   150 |    66 ||   216
Evoke: Wand              |    10 |     2 ||    12
  Use: Potion            |     5 |       ||     5
       Scroll            |     4 |     1 ||     5
 Stab: Sleeping          |     1 |       ||     1
  Eat: Chunk             |     4 |       ||     4
       Bread ration      |       |     1 ||     1

Vault maps used:
D:1:      minmay_arrival_wavy_path
D:2:      serial_glass, glass_columns_c, glass_columns_a
D:3:      nicolae_ru_awakened_eye, first_bread, minmay_cupped, uniq_terence,
          uniq_grinder
